 Dungeon Crawl Stone Soup version 0.23.2-11-gf996548c65 (webtiles) character file.

Game seed: 12741625631578681174

169 NochnoyZador the Twirler (level 5, 0/30 HPs)
             Began as a Gargoyle Gladiator on June 4, 2019.
             Slain by a gnoll
             ... wielding a +0 halberd
              (6 damage)
             ... on level 2 of the Dungeon.
             The game lasted 00:04:00 (1434 turns).

NochnoyZador the Twirler (Gargoyle Gladiator)       Turns: 1434, Time: 00:04:01

Health: 0/30       AC:  8    Str: 18    XL:     5   Next: 50%
Magic:  5/5        EV:  6    Int:  8    God:
Gold:   62         SH:  0    Dex: 12    Spells: 4/4 levels left

rFire    . . .     SeeInvis .   a - +0 quarterstaff
rCold    . . .     Gourm    +   (shield currently unavailable)
rNeg     + . .     Faith    .   b - +0 leather armour
rPois    ∞         Spirit   .   c - +0 helmet
rElec    +         Reflect  .   (no cloak)
rCorr    .         Harm     .   (no gloves)
MR       .....                  (no boots)
Stlth    +.........             j - amulet of the gourmand
HPRegen  0.10/turn              (no ring)
MPRegen  0.09/turn              (no ring)

@: held
A: negative energy resistance 1, electricity resistance, unbreathing,
petrification resistance, rot immunity, AC +4
a: no special abilities


You were on level 2 of the Dungeon.
You were completely stuffed.

You visited 1 branch of the dungeon, and saw 2 of its levels.

You collected 62 gold pieces.

Inventory:

Hand Weapons
 a - a +0 quarterstaff (weapon)
Missiles
 d - 3 throwing nets (quivered)
 e - 5 javelins
 m - 24 stones
Armour
 b - a +0 leather armour (worn)
 c - a +0 helmet (worn)
Jewellery
 j - an amulet of the gourmand (around neck)
 q - a +4 amulet of reflection
Wands
 u - a wand of scattershot (7)
Scrolls
 h - a scroll of teleportation {unknown}
 i - 2 scrolls of identify {unknown}
 l - 2 scrolls of immolation {unknown}
 n - 2 scrolls of remove curse {unknown}
 t - a scroll of magic mapping {unknown}
Potions
 g - a potion of heal wounds {unknown}
 k - a potion of agility {unknown}
 o - 3 potions of curing {unknown}
 p - a potion of brilliance {unknown}
 r - a potion of might {unknown}
Comestibles
 f - 3 rations


   Skills:
 - Level 2.1 Fighting
 + Level 6.0 Staves
 - Level 1.7 Throwing
 - Level 2.4 Dodging


You had 4 spell levels left.
You didn't know any spells.
Your spell library was empty.

Dungeon Overview and Level Annotations

Branches:
Dungeon (2/15)

Altars:


Innate Abilities, Weirdness & Mutations

You are resistant to torment.
Your stone body is resilient. (AC +4)
You are immune to poison.
You resist negative energy. (rN+)
You are resistant to electric shocks. (rElec)
You can survive without breathing.
You are immune to petrification.
You are immune to rotting.


Message History

The gnoll completely misses you. The gnoll hits you but does no damage.
You closely miss the gnoll. The gnoll hits you with a +0 flail.
The gnoll hits you from afar with a +0 halberd!
You hit the gnoll.
The gnoll is moderately wounded.
The gnoll hits you with a +0 flail.
All of the chunks of flesh in your inventory have rotted away.
Found a scroll labeled FIMUOK MATUEN.
You see here 19 sling bullets.
Things that are here:
a +4 dagger of electrocution; a +0 robe The gnoll hits you from afar with a +0 halberd!
* * * LOW HITPOINT WARNING * * *
The gnoll throws a throwing net.
The throwing net hits you.
You become entangled in the net!
You see here a throwing net.
You tear a large gash into the net.
The gnoll barely misses you.
You struggle against the net.
The gnoll hits you from afar with a +0 halberd.
You die...

#.###<.# ....♣≈≈≈≈≈.#.#
#...<..# ...P≈≈≈≈≈≈.#.#
#####.## ....≈≈≈≈.≈.#.#
#.# #.(.≈≈≈≈.P..# #.#
#.P≈≈.≈P≈♣..# ..#
#####..≈.≈≈.≈.###
.####.^.....P.≈.P.####
#.##......##..P..#.#...
#.....@....).......#.##
#.##.#..g.#.##.#####.##
...#..g...##.# #.##
#.##...g.)..##.# #.## #
##.......###.# #.##
...........##.# #..)
#######.g.....# ####
##...#### #. #...#
########.


You could see 4 gnolls.

Vanquished Creatures
  A crimson imp (D:2)
  Jessica (D:2)
  Terence (D:2)
  2 gnolls
  An adder (D:2)
  A worm (D:2)
  A dart slug (D:1)
  2 leopard geckos
  6 bats
  3 giant cockroaches
  8 goblins
  6 hobgoblins
  6 jackals
  A quokka (D:2)
  A ball python (D:2)
  4 frilled lizards
  5 kobolds
50 creatures vanquished.

Notes
Turn   | Place    | Note
-------+----------+-------------------------------------------
     0 | D:1      | NochnoyZador the Gargoyle Gladiator began the quest for the
                  | Orb.
     0 | D:1      | Reached XP level 1. HP: 12/12 MP: 1/1
    62 | D:1      | Reached XP level 2. HP: 16/17 MP: 2/2
   301 | D:1      | Reached skill level 4 in Staves
   357 | D:1      | Reached XP level 3. HP: 18/21 MP: 3/3
   744 | D:2      | Reached skill level 5 in Staves
   744 | D:2      | Reached XP level 4. HP: 26/26 MP: 4/4
   861 | D:2      | Noticed Jessica
   872 | D:2      | Killed Jessica
   872 | D:2      | Reached XP level 5. HP: 10/30 MP: 5/5
  1392 | D:2      | Noticed Terence
  1396 | D:2      | Killed Terence
  1396 | D:2      | Reached skill level 6 in Staves
  1434 | D:2      | Slain by a gnoll

Skill      XL: |  1  2  3  4  5 |
---------------+----------------+-----
Staves         | 4 5 6 |  6.0
Fighting       | |  2.1
Throwing       | |  1.7
Dodging        | |  2.4

Action                   |  1- 3 |  4- 6 || total
-------------------------+-------+-------++-------
Melee: Quarterstaff      |    97 |    74 ||   171
  Eat: Chunk             |     8 |     8 ||    16
Armor: Leather armour    |    51 |    28 ||    79
Dodge: Dodged            |    76 |    48 ||   124
